[Event "1st Jeddah Young Masters 2024"]
[Site "Jeddah"]
[Date "2024.01.24"]
[Round "1.1"]
[White "Klimkowski, Jan"]
[Black "Murzin, Volodar"]
[Result "1-0"]
[ECO "B72"]
[WhiteElo "2531"]
[BlackElo "2635"]
[Annotator "RC"]
[PlyCount "97"]
[EventDate "2024.01.24"]
[EventType "tourn"]
[SourceTitle "playchess.com"]
[Source "ChessBase"]
[SourceQuality "1"]
[TimeControl "5400+30"]

1. e4 c5 2. Nf3 d6 3. d4 cxd4 4. Nxd4 Nf6 5. Nc3 a6 6. Bd3 g6 7. f3 Bg7 8. Be3 Nc6 9. Qd2 h5 10. O-O-O Bd7 11. Kb1 Rc8 12. h3 h4 13. f4 Nh5 14. Nf3 Qa5 15. Nd5 Qxd2 16. Rxd2 Bh6 17. Re1 Be6 18. Nb6 Bxf4 19. Nxc8 Bxc8 20. Nxh4 Bg3 21. Bf2 Bf4 22. Rdd1 Ne5 23. Rf1 Bg3 24. Nf3 Bf4 25. Nxe5 Bxe5 26. Bc4 f6 27. a4 Nf4 28. Rg1 Bd7 29. a5 Bc6 30. Bd5 f5 31. Bxc6+ bxc6 32. exf5 gxf5 33. Bg3 Nd5 34. Bxe5 dxe5 35. Rde1 e4 36. Rgf1 e6 37. Re2 Kd7 38. g4 Ne7 39. Rd1+ Kc7 40. c4 Ng6 41. gxf5 exf5 42. Rg2 Rh6 43. Rg5 f4 44. Rf5 Rh7 45. Rg1 Nh4 46. Rxf4 e3 47. Kc2 Kd6 48. Kd3 Ke5 49. Re4+ 1-0

[Event "1st Jeddah Young Masters 2024"]
[Site "Jeddah"]
[Date "2024.01.24"]
[Round "1.2"]
[White "Seemann, Jakub"]
[Black "Francisco Guecamburu, Candela Be"]
[Result "1-0"]
[ECO "A50"]
[WhiteElo "2439"]
[BlackElo "2295"]
[Annotator "TA"]
[PlyCount "89"]
[EventDate "2024.01.24"]
[EventType "tourn"]
[SourceTitle "playchess.com"]
[Source "ChessBase"]
[SourceQuality "1"]
[TimeControl "5400+30"]

1. d4 Nf6 2. c4 e6 3. Bf4 Bb4+ 4. Nd2 O-O 5. a3 Bxd2+ 6. Qxd2 b6 7. e3 Bb7 8. Ne2 {[%emt 0:00:46] White has an edge.} d6 9. Nc3 Nbd7 10. Bg3 Nh5 11. d5 e5 12. Be2 Nxg3 13. hxg3 a5 14. g4 Nc5 15. Qc2 {[%emt 0:00:36][%csl Gh1][%cal Rc2h7] [#]} g6 16. O-O-O Qe7 17. Kb1 Kg7 (17... Bc8 $11 {keeps the balance.}) 18. g3 $16 h6 19. f3 Rh8 20. Rh4 Bc8 21. e4 (21. Rdh1 $14) 21... Bd7 $11 22. Rdh1 Rh7 (22... Qg5 $11) 23. f4 Rah8 24. b4 axb4 25. axb4 Nb7 26. Qa2 Qf6 27. f5 g5 {[%emt 0:01:42] Black is weak on the light squares} (27... Rb8 $142) 28. R4h2 $16 Qd8 29. Bd3 Qb8 30. Qb3 f6 31. Qd1 Be8 32. Be2 ({Better is} 32. Bc2 $16) 32... Nd8 $14 33. Qb3 (33. Kc2 {with more complications.} c5 34. bxc5 bxc5 35. Qb1) 33... Kf8 34. Bf3 Kg7 (34... b5 $14 {is more appropriate.}) 35. Kb2 {[%emt 0:00:36] White has more active pieces. The black rooks are passive.} Nb7 (35... b5 $14) 36. Qa3 Kf8 37. Ra1 {[%emt 0:00:52] aiming for Qa8.} Nd8 (37... Bd7 $16 {keeps fighting.} 38. Qa7 Ke7) 38. Kb3 {[%emt 0:00:42] Qa8 would now be deadly.} Qc8 $2 (38... c5 {is a better defense.} 39. Qa8 Rb7 40. Qxb8 Rxb8) 39. Qa8 $18 Qxa8 40. Rxa8 Ke7 41. Rha2 {[%emt 0:00:06] [#] Black must now prevent R2a7.} h5 $2 (41... Bd7 42. R8a7 Kf8) 42. gxh5 Bxh5 (42... Bd7 $142 43. R8a7 Kf8) 43. Bxh5 {[%emt 0:00:11] White is clearly winning.} Rxh5 44. R2a7 Kd7 45. Nb5 {[%emt 0:00:07] Weighted Error Value: White=0.24 (precise) /Black=0.33.  Mistake:       	White=2     	Black=9      Inaccurate:     	White=6     	Black=3      OK:         	White=12    	Black=10} 1-0

[Event "1st Jeddah Young Masters 2024"]
[Site "Jeddah"]
[Date "2024.01.24"]
[Round "1.3"]
[White "Rey Martinez, Jaime"]
[Black "Pranav Vijay"]
[Result "0-1"]
[ECO "B10"]
[WhiteElo "2342"]
[BlackElo "2252"]
[Annotator "TA"]
[PlyCount "132"]
[EventDate "2024.01.24"]
[EventType "tourn"]
[SourceTitle "playchess.com"]
[Source "ChessBase"]
[SourceQuality "1"]
[TimeControl "5400+30"]

1. e4 c6 2. Nf3 d5 3. d3 Bg4 4. h3 Bxf3 5. Qxf3 e6 6. g3 Nd7 7. Bg2 Bd6 8. Qe2 Ne7 9. c3 O-O 10. Nd2 e5 11. d4 exd4 12. cxd4 Qb6 13. Qd3 dxe4 14. Nxe4 Bb4+ 15. Bd2 Rad8 16. Bxb4 Qxb4+ 17. Qc3 Qb5 18. a4 Qa6 19. Bf1 $1 b5 20. Be2 Nd5 21. Qc2 Qa5+ 22. Kf1 Qb6 23. Nc5 Rfe8 24. Bf3 Nxc5 25. Qxc5 bxa4 26. Qxb6 axb6 27. Rxa4 b5 28. Ra7 Nb4 29. Rc7 Rxd4 30. Bxc6 Nxc6 31. Rxc6 Rd2 32. b3 Rd3 33. b4 Rb3 34. Kg2 Rxb4 35. Ra1 h5 36. Ra7 h4 37. Rcc7 Rf8 38. gxh4 Rf4 39. Rcb7 Rd8 40. Rxb5 Rd2 41. Kg3 Rfxf2 42. Ra8+ Kh7 43. Rh5+ Kg6 44. Rg5+ Kf6 45. Ra6+ Ke7 46. Ra7+ Kd6 47. Ra6+ Kc7 48. Ra7+ Kc6 49. Ra6+ (49. Rxg7 $2 Rg2+ 50. Kf4 Rxg7 $19) 49... Kb7 50. Ra3 Kc6 51. Ra6+ (51. Rxg7 $2 {loses.} Rg2+ 52. Kf3 Rxg7 $19) 51... Kc7 52. Ra7+ Kb6 53. Ra3 f6 54. Rg4 Kc5 55. Rc3+ Kd5 56. Rd3+ Rxd3+ 57. Kxf2 f5 58. Rxg7 Ke4 59. Rg3 Rd2+ 60. Kg1 f4 61. Ra3 f3 62. Ra8 Rg2+ 63. Kh1 Rg7 64. h5 ({White should try} 64. Kh2 $11) 64... f2 $15 65. Ra1 Kf3 $1 66. h6 $2 (66. Kh2 $15) 66... Re7 (66... Ra7 $142 67. Rb1 Re7 68. Kh2 Re1 69. Rb3+ Ke4 70. Rb4+ Kd5 71. Rb5+ Kc4 72. Rf5 f1=Q (72... f1=N+ 73. Rxf1 Rxf1 74. h7 $19) (72... f1=R $2 73. h7 $19) 73. Rxf1 Rxf1 74. Kg3 Kd5 75. Kh4 Ke6 76. h7 Rf8 77. Kg5 Kf7 (77... Rh8 78. Kg6 $11) 78. Kf4 Kg6+ 79. Ke5 Rh8 (79... Kxh7 {is a self mate.} 80. Ke4 Kg6 81. Ke5 Rh8 82. Ke4 Rxh3 83. Kd5 Rh4 84. Ke5 Rg4 85. Ke6 Rg5 86. Ke7 Re5+ 87. Kd7 Kf7 88. Kd6 Kf6 89. Kc7 Re6 90. Kd7 Kf7 91. Kc8 Re7 92. Kd8 Ke6 93. Kc8 Kd6 94. Kd8 Re5 95. Kc8 Rb5 96. Kd8 Rb8#) 80. Kf4 Rxh7 (80... Kxh7 81. Kf5 Kg7 82. Kf4 Rxh3 83. Ke4 Rh4+ 84. Kf3 Kf7 85. Kg3 Re4 86. Kf3 Re5 87. Kg4 Kg6 88. Kf4 Kf6 89. Kg3 Kg5 90. Kf3 Re6 91. Kg3 Rf6 92. Kh3 Kf4 93. Kg2 Kg4 94. Kh1 Kh3 95. Kg1 Kg3 96. Kh1 Rf1#) 81. Ke4 Rxh3 82. Kf4 Kf6 83. Ke4 Rh4+ 84. Ke3 Kf5 85. Kd3 Ke5 86. Ke2 Ke4 87. Kd2 Rh3 88. Kc2 Kd4 89. Kd2 Rh2+ 90. Ke1 Ke4 91. Kf1 Ke3 92. Kg1 Rf2 93. Kh1 Kf3 94. Kg1 Kg3 95. Kh1 Rf1#) 0-1

[Event "1st Jeddah Young Masters 2024"]
[Site "Jeddah"]
[Date "2024.01.24"]
[Round "1.4"]
[White "Sadhwani, Raunak"]
[Black "Oro, Faustino"]
[Result "1-0"]
[ECO "C54"]
[WhiteElo "2654"]
[BlackElo "2357"]
[Annotator "RC"]
[PlyCount "103"]
[EventDate "2024.01.24"]
[EventType "tourn"]
[SourceTitle "playchess.com"]
[Source "ChessBase"]
[SourceQuality "1"]
[TimeControl "5400+30"]

1. e4 e5 2. Nf3 Nc6 3. Bc4 Bc5 4. O-O Nf6 5. d3 O-O 6. h3 h6 7. Re1 d6 8. c3 a5 9. Nbd2 Be6 10. b3 Ba7 11. Nf1 Bxc4 12. bxc4 Ne7 13. Rb1 Ng6 14. Ng3 Re8 15. Nf5 Qd7 16. Re2 Bb6 17. Reb2 Rad8 18. Rb5 Kh7 19. g3 Ne7 20. N3h4 Qe6 21. Qf3 Nxf5 22. Nxf5 Nd7 23. Kg2 Nf8 24. Ba3 Nd7 25. Bc1 Nf8 26. h4 Nd7 27. g4 f6 28. Kh2 Nc5 29. Be3 Na4 30. Bxb6 Nxb6 31. Ne3 Qd7 32. Qd1 a4 33. Qf3 Rf8 34. Qf5+ Qxf5 35. gxf5 Ra8 36. a3 Rfc8 37. d4 Ra6 38. Kg3 Kg8 39. f4 exf4+ 40. Kxf4 Kf7 41. Kf3 Re8 42. R5b4 Ra5 43. Ng2 g6 44. fxg6+ Kxg6 45. Ne3 Rg8 46. Nf5 Kh7 47. Nxd6 cxd6 48. Rxb6 Rh5 49. Rxb7+ Kh8 50. Rh1 Rc8 51. c5 dxc5 52. Kg4 1-0

[Event "1st Jeddah Young Masters 2024"]
[Site "Jeddah"]
[Date "2024.01.24"]
[Round "1.5"]
[White "Erdogmus, Yagiz Kaan"]
[Black "Woodward, Andy"]
[Result "1-0"]
[ECO "D00"]
[WhiteElo "2524"]
[BlackElo "2501"]
[Annotator "RC"]
[PlyCount "39"]
[EventDate "2024.01.24"]
[EventType "tourn"]
[SourceTitle "playchess.com"]
[Source "ChessBase"]
[SourceQuality "1"]
[TimeControl "5400+30"]

1. d4 Nf6 2. Bg5 d5 3. Nd2 g6 4. Bxf6 exf6 5. e3 Bd6 6. c4 dxc4 7. Bxc4 O-O 8. Ngf3 a6 9. O-O b5 10. Bd3 Bb7 11. a4 bxa4 12. Rxa4 c5 13. Be4 Ra7 14. Qc2 cxd4 15. Rxd4 Qe7 16. Rd1 Rc8 17. Nc4 Bc5 18. Bxb7 Rxb7 19. Nd6 Rcc7 20. Nf5 1-0

[Event "1st Jeddah Young Masters 2024"]
[Site "Jeddah"]
[Date "2024.01.25"]
[Round "2.1"]
[White "Murzin, Volodar"]
[Black "Woodward, Andy"]
[Result "1-0"]
[ECO "B50"]
[WhiteElo "2635"]
[BlackElo "2501"]
[Annotator "TA"]
[PlyCount "85"]
[EventDate "2024.01.24"]
[EventType "tourn"]
[SourceTitle "playchess.com"]
[Source "ChessBase"]
[SourceQuality "1"]
[TimeControl "5400+30"]

1. e4 c5 2. Nf3 d6 3. Bc4 Nf6 4. d3 Nc6 5. O-O g6 6. Re1 Bg7 7. c3 O-O 8. a4 {[%emt 0:00:06] Die Stellung ist ausgeglichen.} Bg4 9. Nbd2 Ne5 10. h3 Nxc4 11. hxg4 Na5 12. g5 Nd7 13. g3 a6 14. Kg2 b5 15. Rh1 Ne5 16. Ne1 d5 (16... Qc8 $11) 17. f4 $14 dxe4 $2 (17... Nd7 $14) 18. fxe5 $18 exd3 19. Qf3 {[%emt 0:01:26] Es drohte Nc6} c4 20. b4 cxb3 21. Nxd3 {[%emt 0:02:15] Weiß steht aktiver.} Rc8 (21... Rb8 $16) 22. Ne4 Nc4 23. axb5 axb5 24. Bf4 (24. Rb1 $142) 24... Ra8 $16 25. Rab1 Ra2+ 26. Nef2 b2 27. Nb4 Ra3 28. Ne4 Qa8 29. Nd5 Qxd5 {[%emt 0:00:50][%mdl 8192] [#]} (29... Rd8 $16 {ist eine bessere Verteidigung.} 30. Nxe7+ Kf8) 30. Nf6+ $1 $18 exf6 31. Qxd5 fxe5 {[%emt 0:00:09] [#]} 32. Bd2 (32. Qxb5 Rxc3 33. Bc1 bxc1=N (33... Rxc1 34. Rbxc1 Ne3+ 35. Kh3 $14) 34. Rbxc1 (34. Rhxc1 Na3 $11) 34... Rxc1 35. Rxc1 Ne3+ 36. Kh3 Nf5 $16) 32... Rxc3 $2 (32... Raa8) 33. Rxb2 e4 {[%emt 0:00:27] [#]} 34. Qxe4 Nxb2 (34... Ra3 35. Rc2) 35. Bxc3 Bxc3 36. Qh4 h5 37. gxh6 {[%emt 0:01:07] Und Rc1 würde nun gewinnen.} Re8 38. Rc1 Be5 39. Rc5 {[%emt 0:00:08][%cal Oc5e5] jetzt Rxe5! und aus.} Nd3 {[%emt 0:00:31] [#]} 40. Rxe5 $1 {[%emt 0:00:22][%mdl 512] Weiß setzt Matt.} Rxe5 (40... Rc8 41. Re7) 41. Qd8+ Kh7 42. Qf8 Ne1+ 43. Kf1 {[%emt 0:00:13] Gewichteter Fehlerwert: Weiß=0.07 (makellos) /Schwarz=0.43.  Verlustzug:     	---       	Schwarz=2     Fehler:       	Weiß=1     	Schwarz=3     OK:         	Weiß=10    	Schwarz=13    Bester:       	Weiß=4     	Schwarz=3     Brilliant:      	Weiß=1     	---} 1-0

[Event "1st Jeddah Young Masters 2024"]
[Site "Jeddah"]
[Date "2024.01.25"]
[Round "2.2"]
[White "Oro, Faustino"]
[Black "Erdogmus, Yagiz Kaan"]
[Result "0-1"]
[ECO "C55"]
[WhiteElo "2357"]
[BlackElo "2524"]
[Annotator "TA"]
[PlyCount "114"]
[EventDate "2024.01.24"]
[EventType "tourn"]
[SourceTitle "playchess.com"]
[Source "ChessBase"]
[SourceQuality "1"]
[TimeControl "5400+30"]

1. e4 e5 2. Nf3 Nc6 3. Bc4 Nf6 4. d3 h6 5. O-O d6 6. a4 g5 7. c3 Bg7 8. Nbd2 O-O 9. h3 Ne7 10. Re1 Ng6 11. Nf1 c6 12. Bb3 Re8 13. N3h2 d5 14. Ng3 Be6 15. Ng4 Qd7 16. Nxf6+ Bxf6 17. Be3 Nh4 18. Kh2 Bg7 19. d4 (19. a5 $11) 19... dxe4 $17 20. Nxe4 Bd5 21. f3 Qc7 22. Kh1 exd4 (22... Nf5 {seems wilder.} 23. Bf2 exd4 24. cxd4 Qb6) 23. Bxd4 Bxd4 24. Qxd4 (24. cxd4 $17 Re6 25. Rc1) 24... Rxe4 $19 (24... Bxb3 $2 25. Nf6+ Kf8 26. Nxe8 $18) 25. Rxe4 Bxb3 26. Rae1 Be6 27. Qf6 Qd8 $2 (27... Qg3 $19 28. R1e2 Rf8 29. Qxh6 Rd8) 28. Rxe6 $1 $15 fxe6 29. Qxh6 Qe7 (29... Kf7 $15 30. Qxe6+ Kg7) 30. Re5 (30. Rxe6 $11 Qg7 31. Qh5) 30... Nf5 $17 31. Qg6+ {[%emt 0:00:04] [#]} Ng7 $1 32. Rxg5 Rd8 33. h4 Rd5 34. Rg4 Qf7 35. Qh6 Rd1+ 36. Kh2 Qc7+ 37. f4 Qf7 38. Rg6 Rd5 39. h5 {[%emt 0:01:08] [#]} ({White should play} 39. c4 $1 $15 Rc5 40. h5) 39... Qe7 (39... b5 $1 $17 40. a5 Qe7) 40. Rg4 (40. Kh3 $1 $15) 40... Rf5 $19 (40... Qf7 41. Rg6 $17) 41. Qg6 (41. Rg6 {might work better.}) 41... Rf6 42. Qg5 Kh7 43. Kg1 Qf7 44. Qe5 Rf5 ({Don't play} 44... Nxh5 45. Rh4 Rf5 (45... Rxf4 $2 46. Rxh5+ $18) 46. Qe3) 45. Qd4 Nxh5 ({And not} 45... Qxh5 46. Qxg7#) 46. Rh4 Rd5 ({Weaker is} 46... Rxf4 47. Rxh5+ Qxh5 48. Qxf4 $11) 47. Qxa7 Qe7 48. Qf2 Kg8 49. c4 Rf5 50. Rg4+ $2 (50. g3) 50... Kf8 51. Qd2 $2 (51. g3) 51... Nf6 $19 52. Rg6 (52. Rg5 $142) 52... Qc5+ $19 53. Kf1 Qxc4+ 54. Kg1 Qc5+ 55. Kf1 Kf7 56. Rg3 Qc4+ 57. Kg1 Qxf4 0-1

[Event "1st Jeddah Young Masters 2024"]
[Site "Jeddah"]
[Date "2024.01.25"]
[Round "2.3"]
[White "Pranav Vijay"]
[Black "Sadhwani, Raunak"]
[Result "1/2-1/2"]
[ECO "C65"]
[WhiteElo "2252"]
[BlackElo "2654"]
[Annotator "TA"]
[PlyCount "70"]
[EventDate "2024.01.24"]
[EventType "tourn"]
[SourceTitle "playchess.com"]
[Source "ChessBase"]
[SourceQuality "1"]
[TimeControl "5400+30"]

1. e4 e5 2. Nf3 Nc6 3. Bb5 Nf6 4. d3 {[%emt 0:00:14][%cal Bd2d3,Bd3d4][%mdl 32] EV=19.09} Bc5 5. c3 d6 6. O-O O-O 7. Re1 Bb6 8. a4 Ne7 {[%emt 0:01:37] OK} 9. d4 {[%emt 0:06:20] [#] a5 is the strong threat. OK} c6 {[%emt 0:00:14] OK} 10. Bd3 {[%emt 0:05:20] OK} Ng6 11. h3 {[%emt 0:03:26] Prevents Bg4.} Bc7 12. Nbd2 {[%emt 0:17:29] OK} Re8 {[%emt 0:00:28] OK} 13. dxe5 Nxe5 14. Nxe5 dxe5 15. Bc4 {[%emt 0:00:45] OK} Be6 16. Bxe6 {[%emt 0:02:58] OK} Rxe6 17. Qe2 {[%emt 0:07:01] Wards off Qd3} Nd7 {[%emt 0:01:21][%cal Bf6d7,Bd7c5,Bc5b3,Bb3c1][%mdl 32] EV=22.43. Inaccurate} 18. Nc4 {[%emt 0:01:29] OK} Nc5 19. b4 {[%emt 0:03:55] OK} Nb3 {[%emt 0:00:09] OK} 20. Rb1 {[%emt 0:00:26] OK} Nxc1 {[%emt 0:00:05] OK} 21. Rexc1 Re8 {[%emt 0:00:45] OK} 22. Rd1 {[%emt 0:00:23] OK} Qe7 {[%emt 0:00:06] OK} 23. a5 {[%emt 0:01:15] Inaccurate} Rad8 {[%emt 0:08:06] OK} 24. Qe3 Bb8 {[%emt 0:00:05] Inaccurate} 25. Qc5 {[%emt 0:05:27] OK} Qh4 26. Qe3 {[%emt 0:03:10] White is more active. Mistake (0.7)} ({Better is} 26. a6 $14) 26... Qf4 {[%emt 0:05:05] Inaccurate} 27. Qe2 Qf6 {[%emt 0:02:55] OK} 28. Qg4 Bc7 {[%emt 0:02:54] OK. The position is equal.} 29. Rd7 {[%emt 0:03:12] OK} h5 {[%emt 0:06:21] OK} 30. Rxd8 {[%emt 0:00:10] OK} (30. Qxh5 $2 {is the wrong capture.} Rxd7 31. Rc1 Rd3 $19) 30... Qxd8 31. Qe2 Qd7 32. Rd1 Qe6 {[%emt 0:00:18] OK} 33. Ne3 g6 {[%emt 0:00:31] OK} 34. Qc4 {[%emt 0:00:53] OK} Qxc4 {[%emt 0:00:07] OK} 35. Nxc4 Kf8 {[%emt 0:00:12] Weighted Error Value: White=0.08 (flawless) /Black=0.07 (flawless) . OK.  Mistake:       	White=1     	---        Inaccurate:     	White=1     	Black=3      OK:         	White=13    	Black=15} 1/2-1/2

[Event "1st Jeddah Young Masters 2024"]
[Site "Jeddah"]
[Date "2024.01.25"]
[Round "2.4"]
[White "Francisco Guecamburu, Candela Be"]
[Black "Rey Martinez, Jaime"]
[Result "1-0"]
[ECO "B31"]
[WhiteElo "2295"]
[BlackElo "2342"]
[Annotator "TA"]
[PlyCount "61"]
[EventDate "2024.01.24"]
[EventType "tourn"]
[SourceTitle "playchess.com"]
[Source "ChessBase"]
[SourceQuality "1"]
[TimeControl "5400+30"]

1. e4 c5 2. Nf3 Nc6 3. Bb5 g6 4. Bxc6 bxc6 5. O-O Bg7 6. Re1 Nh6 7. c3 O-O 8. d4 cxd4 9. cxd4 d5 10. e5 f6 {[%emt 0:00:11] OK} 11. exf6 exf6 12. h3 {[%emt 0:01:49] The position is equal.} Nf7 {[%emt 0:02:07][%cal Bh6f7,Bf7d6,Bd6c4][%mdl 32] EV=20.21} 13. Nc3 Nd6 {[%emt 0:05:46] Inaccurate} 14. Qa4 {[%emt 0:11:39] Inaccurate} Qb6 15. Bf4 {[%emt 0:02:38] OK} Nc4 {[%emt 0:02:36] OK} 16. b4 {[%emt 0:07:47] Mistake (0.5)} (16. Nd1 {was preferrable.}) 16... g5 17. Bg3 f5 {[%emt 0:06:35] Mistake (0.8)} (17... Qb7 $11) 18. Be5 {[%emt 0:14:14] Mistake (0.6)} (18. Nxg5 $14 f4 19. Bh4) 18... Bh6 $1 $11 {[%emt 0:14:45] ...g4 would now be deadly. Strong} 19. b5 $36 {[%emt 0:08:40][%mdl 2048] White has the initiative. OK} Bd7 20. bxc6 {[%emt 0:03:37] OK} Bxc6 21. Qc2 {[%emt 0:01:07] OK} Rac8 22. Nd2 {[%emt 0:08:10] Mistake (1.1)} (22. Bh2 $11 {remains equal.} Qd8 23. Re6) 22... Nxe5 $17 {[%emt 0:06:44] Best (Easy)} 23. Rxe5 {[%emt 0:00:16] Mistake (0.8)} (23. dxe5 $17 {was the only chance.} d4 24. Ne2) 23... Qxd4 $19 {[%emt 0:01:20] OK} 24. Nf3 {[%emt 0:00:47] OK} Qf4 {[%emt 0:03:03] Missed win (2.4)} ({Better is} 24... Qc4 $19 25. Qd2 Bg7) 25. Ne2 $14 {[%emt 0:03:12][%mdl 1024] White has compensation. OK} Qc4 {[%emt 0:00:19] Inaccurate} 26. Qd2 {[%emt 0:00:13][%cal Oa1c1] [#] Strongly threatening Rc1! OK} Qc5 {[%emt 0:09:27][%mdl 8192] This move loses the game for Black. Loses game (4.8)} (26... Bb5 $16 {is tougher.}) 27. Re6 $18 {[%emt 0:01:53] Best. White is clearly winning.} (27. Nxg5 Qd6 28. Qe3 (28. Re6 $2 Qxe6 29. Nxe6 Bxd2 $19) 28... Qg6 $17) 27... Bg7 {[%emt 0:03:03] OK} 28. Rc1 {[%emt 0:00:07] OK} (28. Qxg5 Bd7 29. Re7 Rf7 30. Rxf7 Kxf7 31. Qh5+ Kf8 $16) 28... Qb6 {[%emt 0:02:30] [#] OK} 29. Rexc6 {[%emt 0:00:33][%mdl 512] OK} Rxc6 30. Qxd5+ {[%emt 0:00:11] Best (Easy)} Re6 {[%emt 0:00:01] aiming for ...Kh8. OK} 31. Ned4 $2 {[%emt 0:01:32] Weighted Error Value: White=0.20 (precise) /Black=0.62. Missed win (4.3).  Loses game:     	---       	Black=1      Missed win:     	White=1     	Black=1      Mistake:       	White=4     	Black=1      Inaccurate:     	White=1     	Black=2      OK:         	White=9     	Black=6      Best:        	White=2     	Black=1      Strong:       	---       	Black=1} (31. Nxg5 $18 {and the rest is easy.} Rfe8 32. g3 (32. Nxe6 Qxe6 33. Qxe6+ Rxe6 $16)) 1-0

[Event "1st Jeddah Young Masters 2024"]
[Site "Jeddah"]
[Date "2024.01.25"]
[Round "2.5"]
[White "Klimkowski, Jan"]
[Black "Seemann, Jakub"]
[Result "0-1"]
[ECO "B90"]
[WhiteElo "2531"]
[BlackElo "2439"]
[Annotator "RC"]
[PlyCount "76"]
[EventDate "2024.01.24"]
[EventType "tourn"]
[SourceTitle "playchess.com"]
[Source "ChessBase"]
[SourceQuality "1"]
[TimeControl "5400+30"]

1. e4 c5 2. Nf3 d6 3. d4 cxd4 4. Nxd4 Nf6 5. Nc3 a6 6. Bd3 e5 7. Nde2 Be7 8. O-O O-O 9. Ng3 Be6 10. Nd5 Bxd5 11. exd5 g6 12. c4 Nbd7 13. Kh1 Rb8 14. f4 b5 15. b3 exf4 16. Bxf4 Ne5 17. Bxe5 dxe5 18. Qe2 Bd6 19. Rac1 bxc4 20. bxc4 Nd7 21. Ne4 Ba3 22. Rb1 Rxb1 23. Bxb1 f5 24. Nd2 Qe7 25. Nb3 h5 26. Na5 Bd6 27. Nc6 Qf6 28. Qe3 Nc5 29. Bc2 e4 30. g3 Rf7 31. Nd4 h4 32. Ne6 hxg3 33. hxg3 Rh7+ 34. Kg1 Nxe6 35. dxe6 Rh3 36. Qa7 Rxg3+ 37. Kf2 Rg2+ 38. Kxg2 Qg5+ 0-1

[Event "1st Jeddah Young Masters 2024"]
[Site "Jeddah"]
[Date "2024.01.25"]
[Round "3.1"]
[White "Seemann, Jakub"]
[Black "Murzin, Volodar"]
[Result "1-0"]
[ECO "B48"]
[WhiteElo "2439"]
[BlackElo "2635"]
[Annotator "TA"]
[PlyCount "91"]
[EventDate "2024.01.24"]
[EventType "tourn"]
[SourceTitle "playchess.com"]
[Source "ChessBase"]
[SourceQuality "1"]
[TimeControl "5400+30"]

1. e4 c5 2. Nf3 e6 3. d4 cxd4 4. Nxd4 Nc6 5. Nc3 Qc7 6. a3 a6 7. Be3 b5 8. Nxc6 dxc6 9. Qf3 e5 10. Be2 h5 {[%emt 0:14:11] White is slightly better.} 11. h3 Nf6 12. Bg5 Be7 13. a4 {[%emt 0:03:09][%cal Ra4b5] axb5 is the strong threat.} Rb8 14. O-O Nd7 (14... O-O $14) 15. Bxe7 $16 Kxe7 16. axb5 axb5 17. Qe3 Kf8 18. Kh1 (18. Rfd1 $16) 18... Qb6 19. Qg5 f6 20. Qh4 {[%emt 0:01:01][%cal Of2f4] White is much more active.} g5 21. Qg3 h4 22. Qf3 Kg7 23. Nd1 Nf8 24. Qa3 b4 25. Qa7+ Qxa7 26. Rxa7+ Rb7 27. Rxb7+ Bxb7 28. Bg4 Kf7 (28... c5 $14) 29. Ne3 Ne6 30. Rd1 Nc5 {[%emt 0:00:17][%cal Ob7c8] Repels Rd7+} 31. Rd6 Kg7 (31... b3 $16 {was worth a try.}) 32. Nf5+ Kg6 33. f3 Ra8 34. Kh2 Rf8 (34... Ra2 $16 {might work better.} 35. b3 Ra6 (35... Rxc2 $2 {is the wrong capture.} 36. Rd8 $18)) 35. Ne7+ $18 Kg7 36. Nxc6 ({Better is} 36. b3 $1 $18) 36... b3 $2 {[%emt 0:00:03] [#] A mistake that costs the game.} ({Black should try} 36... Bxc6 $14 37. Rxc6 Na4) 37. Nb4 $1 bxc2 (37... Rf7 $142 38. cxb3 Rf8) 38. Nxc2 Bc8 39. b4 Nb3 40. b5 Bxg4 41. hxg4 {[%emt 0:00:01] KRN-KRN. White is clearly winning.} (41. fxg4 Nc5 $11) 41... Rf7 42. b6 Nc5 43. Ne3 Nb7 44. Rc6 Kg6 45. Nd5 (45. Nf5 $142 h3 46. Rc7 (46. gxh3 Rh7 $18) (46. Kxh3 Rh7+ 47. Kg3 Nd8 $18) 46... hxg2 47. Ne7+ (47. Kxg2 Nd8 $18) 47... Kh7 48. Rxb7) 45... Kg7 46. Kg1 {[%emt 0:00:21] Weighted Error Value: White=0.17 (very precise) /Black=0.33.  Mistake:       	White=2     	Black=6      Inaccurate:     	White=1     	Black=5      OK:         	White=14    	Black=13     Best:        	White=4     	Black=1      Strong:       	White=1     	---} 1-0

[Event "1st Jeddah Young Masters 2024"]
[Site "Jeddah"]
[Date "2024.01.25"]
[Round "3.2"]
[White "Rey Martinez, Jaime"]
[Black "Klimkowski, Jan"]
[Result "1/2-1/2"]
[ECO "B90"]
[WhiteElo "2342"]
[BlackElo "2531"]
[Annotator "TA"]
[PlyCount "126"]
[EventDate "2024.01.24"]
[EventType "tourn"]
[SourceTitle "playchess.com"]
[Source "ChessBase"]
[SourceQuality "1"]
[TimeControl "5400+30"]

1. e4 c5 2. Nf3 d6 3. d4 cxd4 4. Nxd4 Nf6 5. Nc3 a6 6. a4 e5 7. Nf3 Be7 8. Bg5 Nbd7 {[%emt 0:02:42] B90: Sicilian Najdorf: Unusual White 6th moves, 6 Be3 Ng4 and 6 Be3 e5.} 9. Bc4 O-O 10. O-O h6 11. Bh4 g5 12. Bg3 Nc5 13. Qe2 $146 ({Predecessor:} 13. Nd2 Be6 14. Bxe6 fxe6 15. Qe2 Qe8 16. Rfd1 Qg6 17. f3 Rac8 18. Nc4 Ne8 19. Nb6 {1-0 Perpinya Rofes,L (2389)-Montilla Carrillo,E (2267) Catalunya-ch 2005 (7)}) 13... Kg7 14. Rfd1 Qc7 15. Nd5 Nxd5 16. Bxd5 Bg4 17. h3 Bh5 18. a5 Nd7 19. Rd3 Rac8 20. Rc3 (20. Rb3 $14 {was preferrable.} Nc5 21. Rc3) 20... Qb8 $1 $11 21. Rb3 Rc7 22. Rd3 Nf6 23. Bb3 Rc5 24. Re3 (24. Qe1 $11) 24... Qc7 $15 25. Qe1 Bd8 26. Nd2 Rxa5 27. Rxa5 Qxa5 28. Nc4 Qxe1+ 29. Rxe1 Bc7 30. f3 Bg6 31. Bf2 Rd8 32. Ne3 Kf8 33. Nd5 Nxd5 34. Bxd5 b5 35. Ra1 a5 36. Be1 b4 37. c3 Rb8 38. Ra4 bxc3 39. Bxc3 Rb5 40. Kf1 f5 41. Rc4 $1 fxe4 42. Bxe4 Bxe4 43. Rxc7 Bd3+ 44. Ke1 a4 45. Ra7 Bc2 46. Rd7 Rb6 47. Kd2 Bb3 48. Kc1 Kg8 49. Kd2 Bc4 50. g3 Bb5 51. Rc7 Bf1 52. h4 gxh4 53. gxh4 Ba6 54. f4 exf4 55. Rg7+ Kf8 56. Rg4 Bb5 57. Bg7+ Kf7 58. Bxh6 f3 59. Be3 Rb8 60. Rb4 ({But not} 60. Rf4+ Ke6 $17) 60... Kg6 61. Ke1 Rb7 62. Kf2 Kh5 63. Bd2 d5 1/2-1/2